 Dungeon Crawl Stone Soup version 0.21.1-1-g345015f (webtiles) character file.

23 inmateoo the Chiller (level 3, 0/25 HPs)
             Began as a Merfolk Ice Elementalist on Feb 11, 2018.
             Slain by an adder (5 damage)
             ... on level 1 of the Dungeon.
             The game lasted 00:01:48 (1441 turns).

inmateoo the Chiller (Merfolk Ice Elementalist)     Turns: 1441, Time: 00:01:48

Health: 0/25       AC:  2    Str:  8    XL:     3   Next: 0%
Magic:  0/6        EV: 13    Int: 15    God:
Gold:   68         SH:  0    Dex: 14    Spells: 5/6 levels left

rFire    . . .     SeeInvis .   (no weapon)
rCold    . . .     Gourm    .   (no shield)
rNeg     . . .     Faith    .   a - +0 robe
rPois    +         Spirit   .   (no helmet)
rElec    .         Reflect  .   (no cloak)
rCorr    .         Harm     .   (no gloves)
MR       .....                  (no boots)
Stlth    ++........             (no amulet)
HPRegen  0.08/turn              m - ring of poison resistance
MPRegen  0.10/turn              (no ring)

@: no status effects
A: change form in water, swift swim, stealthy swim
a: no special abilities


You were on level 1 of the Dungeon.
You were not hungry.

You visited 1 branch of the dungeon, and saw 2 of its levels.

You collected 68 gold pieces.

Inventory:

Missiles
 h - 5 silver tomahawks (quivered)
Armour
 a - a +0 robe (worn)
Jewellery
 m - a ring of poison resistance (left hand)
Scrolls
 e - 2 scrolls of noise {unknown}
 g - a scroll of enchant weapon {unknown}
 i - a scroll of identify {unknown}
 k - a scroll of immolation {unknown}
 l - a scroll of fog {unknown}
Potions
 d - a potion of invisibility {unknown}
 f - a potion of ambrosia {unknown}
 j - a potion of lignification {unknown}
 n - a potion of mutation {unknown}
Books
 b - a book of Frost

   Spells                             Type                      Level
   a - Freeze                         Ice                          1
   b - Throw Frost                    Conjuration/Ice              2
   c - Ozocubu's Armour               Charms/Ice                   3
   d - Throw Icicle                   Conjuration/Ice              4
   e - Summon Ice Beast               Ice/Summoning                4
Comestibles
 c - 3 rations


   Skills:
 * Level 0.7 Fighting
 + Level 2.7 Dodging
 + Level 2.3 Stealth
 + Level 2.3 Spellcasting
   Level 0.7 Conjurations
 * Level 4.0 Ice Magic


You had 5 spell levels left.
You knew the following spells:

 Your Spells              Type           Power        Failure   Level  Hunger
a - Freeze                Ice            ##..         4%          1    #......


Dungeon Overview and Level Annotations

Branches:
Dungeon (2/15)

Altars:

Annotations:
D:2 Robin


Message History

You miss the adder.
The adder is heavily wounded.
The adder is no longer moving slowly.
The adder closely misses you.
You hit the adder.
The adder is severely wounded.
The adder bites you.
You closely miss the adder.
The adder is severely wounded.
The adder bites you.
* * * LOW HITPOINT WARNING * * *
The adder closely misses you.
Casting: Freeze
Confirm with . or Enter, or press ? or * to list all spells.
Aiming: Freeze
Press: ? - help, Shift-Dir - straight line, f/p - adder
Aim: an adder (severely wounded)
You freeze the adder.
The adder is almost dead.
The adder bites you.
You die...

#...†.....#.......##'##.##..
###.#.###.#.####........##..
#.............#########.##..
#####.###.#.................
#.# #.#.......#####.##.. #.#
#.#..##.#######.#### #.#
#.#S>............... #.#
#.#S###########.#### #.#
#.#@# #..........# #.#
#.#.####..........# #.#
#......'..........# #.#
#.#.####..........#
#.###.#.## #..........#
#........# #..........#
#........# #..........#
#........# #..........#
#........# #..........##


You could see 2 adders.

Vanquished Creatures
  2 leopard geckos (D:1)
  A bat (D:1)
  A giant cockroach (D:1)
  4 goblins
  3 hobgoblins
  2 jackals (D:2)
  A frilled lizard (D:1)
  2 kobolds (D:1)
  3 rats (D:1)
19 creatures vanquished.

Notes
Turn   | Place    | Note
-------+----------+-------------------------------------------
     0 | D:1      | inmateoo the Merfolk Ice Elementalist began the quest for the Orb.
     0 | D:1      | Reached XP level 1. HP: 13/13 MP: 3/3
   388 | D:1      | Reached XP level 2. HP: 20/20 MP: 1/5
  1081 | D:2      | Noticed Robin
  1141 | D:2      | Reached skill level 4 in Ice Magic
  1177 | D:2      | Reached XP level 3. HP: 7/25 MP: 2/6
  1441 | D:1      | Slain by an adder

Skill      XL: |  1  2 |
---------------+-------+-----
Ice Magic      | 4 |  4.0
Fighting       | |  0.7
Dodging        | |  2.7
Stealth        | |  2.3
Spellcasting   | |  2.3
Conjurations   | |  0.7

Action                   || total
-------------------------++-------
Melee: Unarmed           ||    33
 Cast: Freeze            ||    42
 Stab: Sleeping          ||     1
  Eat: Chunk             ||     2
Armor: Robe              ||    20
Dodge: Dodged            ||    57
